 Dungeon Crawl Stone Soup version 0.14.0-15-g6b16f67 (webtiles) character file.

160 Kejsarherre the Ruinous (level 3, -1/21 HPs)
             Began as an Octopode Conjurer on Apr 17, 2014.
             Killed by divine providence
             ... invoked by an orc priest
              (12 damage)
             ... on Level 3 of the Dungeon.
             The game lasted 00:03:22 (1463 turns).

Kejsarherre the Ruinous (Octopode Conjurer)         Turns: 1463, Time: 00:03:23

HP  -1/21        AC  1     Str  7      XL: 3   Next: 56%
MP   2/6         EV 12     Int 18      God:
Gold 118         SH  0     Dex 12      Spells:  2 memorised,  2 levels left

rFire  . . .     SeeInvis .     (no weapon)
rCold  . . .     Clarity  .     (no shield)
rNeg   . . .     Conserve .     (helmet restricted)
rPois  .         rCorr    .     (no amulet)
rElec  .         rRot     .     (no ring)
SustAb . .       Spirit   .     (no ring)
rMut   .         Warding  .     (no ring)
Saprov . . .     Stasis   .     (no ring)
MR     .....                    (no ring)
                                (no ring)
                                (no ring)
                                (no ring)

@: not resistant to hostile enchantments, quite stealthy
A: almost no armour, amphibious, 8 rings, constrict 8, camouflage 1, gelatinous
body 1
a: no special abilities


You were on level 3 of the Dungeon.
You were hungry.

You visited 1 branch of the dungeon, and saw 3 of its levels.

You collected 118 gold pieces.

Inventory:

Missiles
 s - 2 javelins (quivered)
Magical devices
 o - a wand of random effects (10)
Comestibles
 b - 2 bread rations
 h - a beef jerky
 q - a honeycomb
Scrolls
 a - a scroll of amnesia {unknown}
 d - 2 scrolls of remove curse {unknown}
 e - a scroll of blinking {unknown}
 f - 2 scrolls of identify {unknown}
 m - 2 scrolls of fog {unknown}
 n - a scroll of enchant weapon I {unknown}
Potions
 g - a potion of degeneration {unknown}
 i - a potion of lignification {unknown}
 j - 2 potions of heal wounds {unknown}
 k - a potion of curing {unknown}
 l - a potion of flight {unknown}
Books
 c - a book of Conjurations

   Spells                             Type                      Level
   *Magic Dart                        Conjuration                  1
   Searing Ray                        Conjuration                  2
   *Dazzling Spray                    Conjuration/Hexes            3
   Fulminant Prism                    Conjuration/Hexes            4
   Iskenderun's Mystic Blast          Conjuration                  4
   Iskenderun's Battlesphere          Conjuration/Charms           5


   Skills:
 - Level 2.0 Dodging
 - Level 2.6 Stealth
 * Level 2.4 Spellcasting
 + Level 4.9 Conjurations


You had 2 spell levels left.
You knew the following spells:

 Your Spells              Type           Power        Failure   Level  Hunger
a - Magic Dart            Conj           ###.         1%          1    #......
b - Dazzling Spray        Conj/Hex       ##......     21%         3    ###....


Dungeon Overview and Level Annotations

Branches:
Dungeon (3/15)

Altars:
Xom


Innate Abilities, Weirdness & Mutations

You cannot wear most types of armour.
You are amphibious.
You can wear up to eight rings at the same time.
You can use your tentacles to constrict many enemies at once.
Your skin changes colour to match your surroundings (Stlth).
Your rubbery body absorbs attacks (AC +1).


Message History

The orc priest is moderately wounded.
The orc priest is dazzled.
The orc wizard casts a spell.
The orc wizard blinks!
You hit the orc priest but do no damage.
You grab the orc priest.
The orc priest is moderately wounded.
You constrict the orc priest, but do no damage.
The orc priest escapes!
The orc priest invokes the aid of Beogh against you.
Something smites you!
You hit the orc priest but do no damage.
You grab the orc priest.
The orc priest is moderately wounded.
You constrict the orc priest, but do no damage.
The orc priest is no longer blind.
The orc priest invokes the aid of Beogh against you.
Something smites you!
Ouch! That really hurt!
You die...

#..# #.#.# ...o #..#
#...# ..o.
#..########...###>...
#...........)......?.
#<#########..###....
#.# #..###....
#.#########...ยง%=...
#.#.......o.........
#.o@......#.#.#..)..
###.#####.#.#.#.####
#.# #.#.#.#.# #.#
#.#.....# #.#
#.......# #.#
####....# #.# ......
#.# g..# #.#


You could see an orc priest and an orc wizard.

Vanquished Creatures
  An adder (D:2)
  2 giant geckos (D:1)
  An ooze (D:2)
  An orc (D:3)
  5 goblins
  5 hobgoblins
  A quokka (D:3)
  4 bats
  3 giant newts
  4 kobolds (D:2)
  3 rats
30 creatures vanquished.

Notes
Turn   | Place    | Note
--------------------------------------------------------------
     0 | D:1      | Kejsarherre, the Octopode Conjurer, began the quest for the Orb.
     0 | D:1      | Reached XP level 1. HP: 11/11 MP: 3/3
   292 | D:1      | Reached XP level 2. HP: 6/17 MP: 2/4
   720 | D:2      | Found a shimmering altar of Xom.
   908 | D:2      | Reached XP level 3. HP: 12/21 MP: 1/6
   960 | D:2      | Learned a level 3 spell: Dazzling Spray
  1463 | D:3      | Killed from afar by an orc priest

Action                   || total
-------------------------++-------
Melee: Unarmed           ||    73
Throw: Javelin           ||     2
 Cast: Magic Dart        ||    29
       Dazzling Spray    ||     1
Evoke: Wand              ||     1
 Stab: Sleeping          ||     5
